 Dungeon Crawl Stone Soup version 0.17-a0-1632-g0af21bd (webtiles) character file.

7532 maniek23 the Nimble (level 10, -1/80 HPs)
             Began as a Demonspawn Gladiator on Aug 3, 2015.
             Was a High Priest of Cheibriados.
             Slain by urechis's ghost (26 damage)
             ... on level 9 of the Dungeon.
             The game lasted 00:35:50 (8384 turns).

maniek23 the Nimble (Demonspawn Gladiator)          Turns: 8384, Time: 00:35:50

Health: -1/80      AC: 19    Str: 39    XL:     10   Next: 96%
Magic:  14/14      EV: 23    Int: 31    God:    Cheibriados [*****.]
Gold:   349        SH:  0    Dex: 34    Spells: 1 memorised, 7 levels left

rFire  . . .     SeeInvis .     H - +2 mace (freeze)
rCold  + + .     Clarity  +     P - +4 ring mail "Roylud" {MR- Str+7}
rNeg   . . .     SustAt   .     (no shield)
rPois  .         Gourm    .     c - +0 helmet
rElec  .         Spirit   .     q - +0 cloak
rCorr  .         Warding  .     L - +1 pair of gloves
rMut   .         Stasis   .     Y - +0 pair of boots
MR     .....                    (no amulet)
Stlth  ++........               O - +5 ring of intelligence
                                n - +6 ring of dexterity

@: very slow, not resistant to hostile enchantments, unstealthy
A: talons 1, slimy green scales 2, clarity, clever 1, cold resistance 2, foul
stench 2, rot immunity
a: Bend Time, Temporal Distortion, Slouch, Step From Time, Renounce Religion


You were on level 9 of the Dungeon.
You worshipped Cheibriados.
Cheibriados was extremely pleased with you.
You were not hungry.

You visited 2 branches of the dungeon, and saw 10 of its levels.

You collected 349 gold pieces.

Inventory:

Hand weapons
 a - a +0 long sword
 G - a +1 hand axe of freezing
 H - a +2 mace of freezing (weapon)
 J - a +1 short sword of venom
Missiles
 d - 5 throwing nets (quivered)
 K - 3 javelins
Armour
 c - a +0 helmet (worn)
 q - a +0 cloak (worn)
 D - the +0 ring mail "Vezxeasa" {rPois rF+ Regen+}
   (You found it on level 5 of the Dungeon)

   It protects you from fire.
   It protects you from poison.
   It increases your rate of regeneration.
 L - a +1 pair of gloves (worn)
 P - the +4 ring mail "Roylud" (worn) {MR- Str+7}
   (You found it on level 8 of the Dungeon)

   It affects your strength (+7).
   It affects your resistance to hostile enchantments.
 W - a troll hide
 Y - a +0 pair of boots (worn)
Jewellery
 n - a +6 ring of dexterity (left hand)
 O - a +5 ring of intelligence (right hand)
Magical devices
 y - a wand of flame (48)
 R - a wand of draining (7)
 S - a wand of fireball (6)
 X - a wand of polymorph (0)
Scrolls
 g - 3 scrolls of fog
 i - a scroll of noise
 j - 2 scrolls of amnesia
 k - 2 scrolls of remove curse
 l - a scroll of enchant weapon
 m - 2 scrolls of magic mapping
 u - 3 scrolls of teleportation {unknown}
 x - 3 scrolls of immolation {unknown}
 z - 3 scrolls of recharging
 I - a scroll of holy word {unknown}
 N - a scroll of fear {unknown}
 T - a scroll of blinking {unknown}
 Z - a scroll of random uselessness {unknown}
Potions
 b - a potion of magic {unknown}
 f - 6 potions of curing
 o - 3 potions of heal wounds {unknown}
 p - a potion of flight
 t - 2 potions of beneficial mutation {unknown}
 v - 2 potions of mutation
 M - 2 potions of lignification {unknown}
 U - a potion of brilliance {unknown}
Books
 Q - a book of Alchemy

   Spells                             Type                      Level
   a - Sublimation of Blood           Necromancy                   2
   b - Ignite Poison                  Fire/Transmutation/Poison    3
   c - Alistair's Intoxication        Transmutation/Poison         4
   d - Condensation Shield            Ice                          4
   e - Petrify                        Transmutation/Earth          4
   f - Irradiate                      Conjuration/Transmutation    5
Comestibles
 e - 9 bread rations
 h - 4 chunks of flesh
 r - 8 fruits
 s - 5 meat rations
 B - a slice of pizza


   Skills:
 * Level 7.9 Fighting
 + Level 5.8 Long Blades
 - Level 1.5 Maces & Flails
 + Level 2.0 Throwing
 + Level 6.2 Armour
 + Level 9.5 Dodging
 - Level 0.2 Stealth
 * Level 1.4 Spellcasting
 * Level 3.3 Transmutations
 * Level 6.2 Invocations


You had 7 spell levels left.
You knew the following spells:

 Your Spells              Type           Power        Failure   Level  Hunger
a - Alistair's Intoxicat  Trmt/Pois      ##......     52%         4    #####..


Dungeon Overview and Level Annotations

Branches:
Dungeon (9/15)             Temple (1/1) D:7            Lair (0/8) D:8
    Orc: D:9-12

Altars:
Ashenzari
Cheibriados
Dithmenos
Elyvilon
Fedhas
Gozag
Kikubaaqudgha
Makhleb
Nemelex Xobeh
Okawaru
Qazlal
Ru
Sif Muna
Trog
Vehumet
Xom
Yredelemnul
Zin
The Shining One

Annotations:
D:9 urechis's ghost, experienced TrMo


Innate Abilities, Weirdness & Mutations

You have sharp toenails.
You are mostly covered in slimy green scales (AC +3).
Your flesh is very cold resistant.
You frequently emit foul miasma when damaged in melee.
You are immune to rotting.
You possess an exceptional clarity of mind.
Your mind is acute. (Int +2)


Message History

You see here a yak skeleton.
Eat one of 5 chunks of flesh? (ye/n/q/i?) This raw flesh tastes terrible.
You continue eating. x2
You start resting.
Urechis's ghost turns its malevolent gaze towards you.
You hit urechis's ghost. You freeze urechis's ghost.
Urechis's ghost is lightly damaged.
Urechis's ghost closely misses you. Urechis's ghost hits you!
You emit a cloud of foul miasma!
You sock urechis's ghost! You freeze urechis's ghost.
Urechis's ghost is lightly damaged.
Urechis's ghost completely misses you.
You hit urechis's ghost. You freeze urechis's ghost.
Urechis's ghost is moderately damaged.
Urechis's ghost misses you.
You barely miss urechis's ghost.
Urechis's ghost is moderately damaged.
Urechis's ghost hits you!! x2
You die...

########################
#.......................
#....................###
#.........#....#.....# #
#.........#....#.....###
#..####)................
#..# #รท##'#############
#..# #W#.........##....
#..####@#.........##....
#.......#.Y.......##....
#.......#.Y.###...######
#.####..#######...######
#.# #..#.....#.........
#.####..#.....#.........
#.......#.....#.....<...
#.......#....###########
#.....#.#....###########


You could see urechis's ghost.

Vanquished Creatures
  A death yak (D:9)
  Pikel (D:9)
  An elephant (D:8)
  Psyche (D:9)
  A troll (D:9)
  A hippogriff (D:8)
  Grum (D:9)
  A deep elf mage (D:9)
  3 yaks
  3 wolves (D:9)
  2 wyverns
  A water moccasin (D:8)
  Duvessa (D:4)
  A slave (D:9)
  An orc warrior (D:8)
  A phantom (D:3)
  Purgy (D:3)
  7 ice beasts
  3 sky beasts
  2 ogres
  2 crocodiles (D:8)
  3 centaurs
  A wyvern zombie (D:9)
  Dowan (D:4)
  A big kobold (D:9)
  2 giant frogs
  A wyvern skeleton (D:8)
  7 scorpions
  3 wights (D:6)
  5 killer bees (D:8)
  4 crimson imps
  6 hounds
  A jelly (D:6)
  5 orc wizards
  3 orc priests (D:6)
  A centaur skeleton (D:4)
  3 worker ants
  4 iguanas
  13 adders
  6 gnolls
  2 shadow imps
  2 white imps (D:9)
  An ooze (D:2)
  An adder zombie (D:7)
  5 adder skeletons
  4 worms
  34 orcs
  8 bats
  11 giant cockroaches
  11 goblins
  6 hobgoblins
  7 jackals
  6 quokkas
  7 giant geckos
  A giant gecko skeleton (D:5)
  5 giant newts
  2 jackal skeletons
  14 kobolds
  13 rats
246 creatures vanquished.

Vanquished Creatures (others)
  A slave (D:9)
  A worker ant (D:9)
2 creatures vanquished.

Grand Total: 248 creatures vanquished

Notes
Turn   | Place    | Note
--------------------------------------------------------------
     0 | D:1      | maniek23 the Demonspawn Gladiator began the quest for the Orb.
     0 | D:1      | Reached XP level 1. HP: 16/16 MP: 1/1
    96 | D:1      | Gained mutation: You are immune to rotting. [demonic ancestry]
    96 | D:1      | Reached XP level 2. HP: 15/22 MP: 2/2
   281 | D:1      | Reached skill level 3 in Dodging
  1155 | D:2      | Found a faded altar to an unknown god.
  1164 | D:2      | Became a worshipper of Cheibriados the Contemplative
  1164 | D:2      | Acquired Cheibriados's first power
  1232 | D:2      | Reached XP level 3. HP: 24/27 MP: 3/3
  1402 | D:2      | Reached skill level 1 in Armour
  2426 | D:3      | Gained mutation: You may emit foul miasma when damaged in melee. [demonic ancestry]
  2426 | D:3      | Reached XP level 4. HP: 30/33 MP: 4/4
  2702 | D:3      | Noticed a phantom
  2729 | D:3      | Killed a phantom
  2729 | D:3      | Reached XP level 5. HP: 22/39 MP: 5/5
  2838 | D:3      | Noticed Purgy
  2865 | D:3      | Killed Purgy
  2865 | D:3      | Reached skill level 4 in Dodging
  2865 | D:3      | Gained mutation: Your flesh is cold resistant. [demonic ancestry]
  2865 | D:3      | Reached XP level 6. HP: 16/47 MP: 6/6
  3362 | D:4      | Found an iron altar of Okawaru.
  3363 | D:4      | Acquired Cheibriados's second power
  3627 | D:4      | Noticed Duvessa
  3627 | D:4      | Noticed Dowan
  3638 | D:4      | Killed Duvessa
  3638 | D:4      | Gained mutation: You are partially covered in slimy green scales (AC +2). [demonic ancestry]
  3638 | D:4      | Reached XP level 7. HP: 45/52 MP: 7/7
  3644 | D:4      | Killed Dowan
  3644 | D:4      | Reached skill level 5 in Dodging
  3991 | D:4      | Found a bloodstained altar of Trog.
  3991 | D:4      | Found an opulent altar of Gozag.
  4062 | D:4      | Found a snail-covered altar of Cheibriados.
  4119 | D:4      | Found a deep blue altar of Sif Muna.
  4306 | D:5      | Entered Level 5 of the Dungeon
  4346 | D:5      | Got a slimy ring mail
  4357 | D:5      | Identified the cursed +0 ring mail "Vezxeasa" {rPois rF+ Regen+} (You found it on level 5 of the Dungeon)
  4729 | D:5      | Acquired Cheibriados's third power
  4819 | D:5      | Reached skill level 5 in Long Blades
  4819 | D:5      | Gained mutation: You frequently emit foul miasma when damaged in melee. [demonic ancestry]
  4819 | D:5      | Reached XP level 8. HP: 61/61 MP: 8/8
  4920 | D:5      | Reached skill level 6 in Dodging
  5182 | D:6      | Reached skill level 5 in Fighting
  5272 | D:6      | Acquired Cheibriados's fourth power
  5805 | D:7      | Found a stormy altar of Qazlal.
  5865 | D:7      | Found a staircase to the Ecumenical Temple.
  5884 | D:7      | Reached skill level 1 in Maces & Flails
  5884 | D:7      | Reached skill level 7 in Dodging
  5895 | Temple   | Entered the Ecumenical Temple
  5951 | D:7      | Found a blossoming altar of Fedhas.
  6010 | D:7      | Gained mutation: You have sharp toenails. [demonic ancestry]
  6010 | D:7      | Reached XP level 9. HP: 68/68 MP: 9/9
  6027 | D:7      | Found a sacrificial altar of Ru.
  6096 | D:7      | Found a shimmering altar of Xom.
  6395 | D:8      | Reached skill level 1 in Invocations
  6448 | D:8      | Found a sacrificial altar of Ru.
  6568 | D:8      | Found a staircase to the Lair.
  6568 | D:8      | Noticed an elephant
  6590 | D:8      | Killed an elephant
  6621 | D:8      | Reached skill level 5 in Armour
  6629 | D:8      | Reached skill level 8 in Dodging
  6732 | D:8      | Got a polished ring mail
  6743 | D:8      | Identified the +4 ring mail "Roylud" {MR- Str+7} (You found it on level 8 of the Dungeon)
  6895 | D:8      | Learned a level 4 spell: Alistair's Intoxication
  7004 | D:8      | Gained mutation: You are mostly covered in slimy green scales (AC +3). [demonic ancestry]
  7004 | D:8      | Reached XP level 10. HP: 63/77 MP: 11/13
  7250 | D:8      | Gained mutation: Your mind is acute. (Int +2) [potion of mutation]
  7250 | D:8      | Gained mutation: You possess an exceptional clarity of mind. [potion of mutation]
  7250 | D:8      | Gained mutation: Your flesh is very cold resistant. [potion of mutation]
  7350 | D:9      | Reached skill level 1 in Transmutations
  7472 | D:9      | Noticed a death yak
  7472 | D:9      | Noticed urechis's ghost (experienced TrMo)
  7755 | D:9      | Noticed Pikel
  7775 | D:9      | Killed Pikel
  7775 | D:9      | Reached skill level 5 in Invocations
  7942 | D:9      | Noticed Psyche
  7964 | D:9      | Killed Psyche
  7964 | D:9      | Reached skill level 9 in Dodging
  7987 | D:9      | Noticed Grum
  8015 | D:9      | Killed Grum
  8226 | D:9      | Found a glowing golden altar of the Shining One.
  8227 | D:9      | Found a burning altar of Makhleb.
  8322 | D:9      | Killed a death yak
  8322 | D:9      | Reached skill level 1 in Spellcasting
  8384 | D:9      | Slain by urechis's ghost

Vault maps used:
D:1:      minmay_arrival_solitary_statue, kennysheep_another_room, minivault_14,
          minivault_4
D:2:      ecumenical_altar_1
D:3:      uniq_purgy
D:4:      okawaru_ov_weapons_minmay, lemuel_blue_sif_altar,
          kennysheep_mini_moat, gammafunk_temple_overflow_wave, first_bread,
          uniq_duvessa
D:6:      serial_bayou_pond_e, kennysheep_diamond
D:7:      overflow_temple_1_default, overflow_temple_1_default,
          nicolae_overflow_hidden_temple, kennysheep_little_box,
          minmay_temple_entry_metal_lava, uniq_prince_ribbit1
D:8:      david_lair_generic, nicolae_ru_great_annihilating_truth
D:9:      gammafunk_temple_overflow_pools, serial_ice, serial_ice_b,
          serial_ice_c, serial_ice_f, serial_ice_m, uniq_grum, uniq_pikel,
          uniq_joseph, uniq_psyche
Temple:   temple_eino_lava_8

Action                   |  1- 3 |  4- 6 |  7- 9 | 10-12 || total
-------------------------+-------+-------+-------+-------++-------
Melee: Long sword        |   144 |   153 |   181 |       ||   478
       Mace              |       |       |   239 |   193 ||   432
       Unarmed           |       |       |       |     1 ||     1
Invok: Bend Time         |       |       |     1 |     2 ||     3
       Slouch            |       |       |     1 |     2 ||     3
       Step From Time    |       |       |       |     1 ||     1
  Use: Potion            |       |     2 |       |     1 ||     3
       Scroll            |       |       |     9 |     2 ||    11
 Stab: Sleeping          |     1 |     2 |     6 |       ||     9
       Invisible         |       |     3 |     1 |       ||     4
       Distracted        |       |       |     2 |       ||     2
       Paralysed         |       |       |     1 |       ||     1
  Eat: Chunk             |     3 |     2 |     7 |     4 ||    16
